 Dungeon Crawl Stone Soup version 0.22-a0-185-ge330310d3a (webtiles) character file.

18 RedPan the Magician (level 2, 0/17 HPs)
             Began as an Octopode Wizard on Feb 15, 2018.
             Slain by a hobgoblin
             ... wielding a +0 club
              (7 damage)
             ... on level 1 of the Dungeon.
             The game lasted 00:01:30 (1226 turns).

RedPan the Magician (Octopode Wizard)               Turns: 1226, Time: 00:01:31

Health: 0/17       AC:  1    Str:  6    XL:     2   Next: 70%
Magic:  0/6        EV: 13    Int: 20    God:
Gold:   67         SH:  0    Dex: 10    Spells: 2/7 levels left

rFire    . . .     SeeInvis .   g - +2 dagger (speed)
rCold    . . .     Gourm    .   (no shield)
rNeg     . . .     Faith    .   a - +0 hat
rPois    .         Spirit   .   (no amulet)
rElec    .         Reflect  .   (no ring)
rCorr    .         Harm     .   (no ring)
MR       .....                  (no ring)
Stlth    +++.......             (no ring)
HPRegen  0.05/turn              (no ring)
MPRegen  0.10/turn              (no ring)
                                (no ring)
                                (no ring)

@: very slightly contaminated
A: almost no armour, stealthy swim, amphibious, 8 rings, constrict 8, camouflage
1, gelatinous body 1
a: no special abilities


You were on level 1 of the Dungeon.
You were hungry.

You visited 1 branch of the dungeon, and saw 2 of its levels.

You collected 67 gold pieces.

Inventory:

Hand Weapons
 g - a +2 dagger of speed (weapon)
Armour
 a - a +0 hat (worn)
Scrolls
 d - a scroll of fog {unknown}
 f - 2 scrolls of identify {unknown}
 j - a scroll of enchant weapon {unknown}
Potions
 e - 2 potions of might {unknown}
 i - a potion of curing {unknown}
Books
 b - a book of Minor Magic

   Spells                             Type                      Level
   a - Magic Dart                     Conjuration                  1
   b - Blink                          Translocation                2
   c - Call Imp                       Summoning                    2
   d - Slow                           Hexes                        2
   e - Conjure Flame                  Conjuration/Fire             3
   f - Mephitic Cloud                 Conjuration/Poison/Air       3
Comestibles
 c - 2 rations


   Skills:
 - Level 2.0 Dodging
 - Level 2.6 Stealth
 + Level 3.4 Spellcasting
 + Level 1.9 Conjurations
 - Level 1.0 Summonings
 - Level 1.0 Translocations


You had 2 spell levels left.
You knew the following spells:

 Your Spells              Type           Power        Failure   Level  Hunger
a - Magic Dart            Conj           ##..         6%          1    None
b - Blink                 Tloc           N/A          14%         2    ##.....
c - Call Imp              Summ           #.......     14%         2    ##.....


Dungeon Overview and Level Annotations

Branches:
Dungeon (2/15)

Altars:


Innate Abilities, Weirdness & Mutations

You cannot wear most types of armour.
You are very stealthy in the water. (Stealth+)
You are amphibious.
You can wear up to eight rings at the same time.
You can use your tentacles to constrict eight enemies at once.
Your skin changes colour to match your surroundings (Stealth+).
Your rubbery body absorbs attacks. (AC +1, EV +1)


Message History

Aim: a leopard gecko (heavily wounded, clinging)
The magic dart hits the hobgoblin.
The hobgoblin is heavily wounded.
The hobgoblin closely misses you.
Casting: Magic Dart (safe; 6% risk of failure)
Confirm with . or Enter, or press ? or * to list all spells.
Aiming: Magic Dart (safe; 6% risk of failure)
Press: ? - help, Shift-Dir - straight line, f/p - leopard gecko
Aim: a leopard gecko (heavily wounded, clinging)
The magic dart hits the hobgoblin.
The hobgoblin is almost dead.
The hobgoblin misses you.
The leopard gecko hisses menacingly.
Casting: Magic Dart (safe; 6% risk of failure)
Confirm with . or Enter, or press ? or * to list all spells.
You don't have enough magic to cast that spell.
You hit the hobgoblin but do no damage. Your grab misses the hobgoblin.
The hobgoblin is almost dead.
The hobgoblin hits you with a club!
You die...

######## #......# #.####.# #.#
#.# #.# #.# ########### #.#
#.# #.........# #.# #.#
#.........####.####.#
#.........'lg@..)...#######
#.........#.##.###........####
#.........#...................
#.........####.####.####..#..#
#.........# #.# #.# #..##..
#.........# #.# #.## #..##..
#.........# #.# #..# #..#8..
#.........####.# ##.# #..##..
#..............# #.###.[##..


You could see a leopard gecko and a hobgoblin.

Vanquished Creatures
  A dart slug (D:1)
  A leopard gecko (D:1)
  A ball python (D:1)
  A bat (D:1)
  A giant cockroach (D:1)
  3 goblins (D:1)
  2 hobgoblins
  A frilled lizard (D:1)
  A kobold (D:1)
  3 rats (D:1)
15 creatures vanquished.

Notes
Turn   | Place    | Note
-------+----------+-------------------------------------------
     0 | D:1      | RedPan the Octopode Wizard began the quest for the Orb.
     0 | D:1      | Reached XP level 1. HP: 11/11 MP: 4/4
   523 | D:1      | Reached XP level 2. HP: 17/17 MP: 1/6
   904 | D:1      | Learned a level 2 spell: Blink
   907 | D:1      | Learned a level 2 spell: Call Imp
  1226 | D:1      | Slain by a hobgoblin

Vault maps used:
D:1:      shiori_shiawase, serial_corexii_hall, corexii_hall_statues_u,
          corexii_hall_statues_i
D:2:      minmay_tetromino_o4

Action                   || total
-------------------------++-------
Melee: Short sword       ||    10
       Unarmed           ||     3
       Tentacles         ||     3
       Constrict         ||     2
       Dagger            ||     2
 Cast: Magic Dart        ||    29
 Stab: Sleeping          ||     1
Armor: Skin              ||     3
Dodge: Dodged            ||    16

Table legend:
 A = Spawn XP
 B = Non-spawn XP
 C = Spawn XP percentage of total XP
 D = Spawn monster count
 E = Non-spawn monster count
 F = Spawn count percentage of total count
 G = Total turns spent on level
                    A         B        C        D         E        F      G
               +---------+---------+-------+---------+---------+-------+---------
         Total |       0 |      27 |   0.0 |       0 |      15 |   0.0 |  1226
               +---------+---------+-------+---------+---------+-------+---------
           D:1 |       0 |      25 |   0.0 |       0 |      14 |   0.0 |  1220
           D:2 |       0 |       2 |   0.0 |       0 |       1 |   0.0 |     6
               +---------+---------+-------+---------+---------+-------+---------
